 Dungeon Crawl Stone Soup version 0.31.0-9-g3a7656b989 (webtiles) character file.

Game seed: 4162317959163492400

31 qw the Shooter (level 3, 0/20 HPs)
             Began as a Deep Elf Hunter on Feb 2, 2024.
             Slain by Sigmund
             ... wielding a +0 scythe
              (10 damage)
             ... on level 2 of the Dungeon.
             The game lasted 00:00:02 (529 turns).

qw the Shooter (Deep Elf Hunter)                     Turns: 529, Time: 00:00:03

Health: 0/20       AC:  3    Str:  7 (10) XL:     3   Next: 7%
Magic:  5/5        EV: 12    Int: 10 (13) God:
Gold:   71         SH:  0    Dex: 16 (18) Spells: 2/2 levels left

rFire   . . .        a - +0 shortbow
rCold   . . .        (shield currently unavailable)
rNeg    . . .        c - +0 leather armour
rPois   +            (no helmet)
rElec   .            (no cloak)
rCorr   .            (no gloves)
SInv    .            (no boots)
Will    .....        (no amulet)
Stlth   +            e - ring of poison resistance
HPRegen 0.23/turn    (no ring)
MPRegen 0.09/turn

%: no passive effects
@: confused
A: no striking features
a: no special abilities


You were on level 2 of the Dungeon.
You visited 1 branch of the dungeon, and saw 2 of its levels.

You collected 71 gold pieces.


   Skills:
 - Level 1.5 Fighting
 + Level 6.7 Ranged Weapons
 - Level 2.4 Dodging
 - Level 1.2 Stealth


You had 2 spell levels left.
You didn't know any spells.
Your spell library was empty.

Inventory:

Hand Weapons
 a - a +0 shortbow (weapon)
Armour
 c - a +0 leather armour (worn)
Jewellery
 e - a ring of poison resistance (left hand)
Potions
 g - a potion of mutation {unknown}
 h - a potion of might {unknown}

Dungeon Overview and Level Annotations

Branches:
Dungeon (2/15)

Altars:

Annotations:
D:2 Sigmund


Message History

You shoot an arrow.
The arrow hits the adder but does no damage.
The adder is almost dead.
The adder bites you.
You are poisoned.
The adder poisons you!
Sigmund says, "Look into my eyes."
The adder barely misses you.
You shoot an arrow. The arrow hits the adder!
You kill the adder!
You feel sick. Sigmund barely misses you.
You have reached level 3!
Your experience leads to an increase in your attributes!
Your base attributes are Str 8, Int 13, Dex 18.
Increase (S)trength, (I)ntelligence, or (D)exterity?
You feel stronger. x2
You shoot an arrow. The arrow hits Sigmund!
Sigmund is moderately wounded.
You feel sick.
An endoplasm comes into view.
Sigmund mumbles some strange words.
Sigmund flickers and vanishes!
Deactivating autopickup; reactivate with Ctrl-A.
524 ||| FLEEEEING.
You feel sick.
You are no longer poisoned.
525 ||| FLEEEEING.
You shoot an arrow.
You hear a zap.
A puff of flame appears from out of thin air!
The puff of flame misses you.
You shoot an arrow.
You hear some strange, mumbled words.
You are confused.
You shoot an arrow. Something hits you.
You shoot an arrow. Something hits you!
Ouch! That really hurt!
You die...

#%....:...
#.......##
######.....%.#
#............#
#............#
#..###.......#
#..# #.......#
####..#
#.###.###
#..@..# #..
... #{###.#
##. .## #%#
#.# ## # #%#
#.# ..# #..
..# #. ...# .#
#J.. .# #.##


There were no monsters in sight!

Vanquished Creatures
  An adder (D:2)
  A dart slug (D:1)
  4 bats
  An endoplasm (D:1)
  2 goblins
  3 hobgoblins
  2 kobolds
  A quokka (D:2)
  A ball python (D:1)
  A frilled lizard (D:1)
  2 rats
19 creatures vanquished.

Notes
Turn   | Place    | Note
-------+----------+-------------------------------------------
     0 | D:1      | qw the Deep Elf Hunter began the quest for the Orb.
     0 | D:1      | Reached XP level 1. HP: 12/12 MP: 3/3
     0 | D:1      | 0 ||| qw: Version: 0.3-a-155-g5e7d8dd
     0 | D:1      | 0 ||| qw: Game counter: 1025
     0 | D:1      | 0 ||| qw: Melee chars always use a shield: true
     0 | D:1      | 0 ||| qw: God list: Okawaru
     0 | D:1      | 0 ||| qw: Allow faded altars: false
     0 | D:1      | 0 ||| qw: Do Orc after clearing Dungeon:15 true
     0 | D:1      | 0 ||| qw: Do second Lair branch before Depths: true
     0 | D:1      | 0 ||| qw: Lair rune preference: random
     0 | D:1      | 0 ||| qw: Goals: Normal
     0 | D:1      | 0 ||| PLANNING D:1-11
   142 | D:1      | Reached skill level 6 in Ranged Weapons
   142 | D:1      | Reached XP level 2. HP: 16/16 MP: 4/4
   436 | D:1      | 436 ||| UPGRADING to ring of poison resistance.
   437 | D:1      | 437 ||| READING scroll labelled YLLUNI QAFAO.
   438 | D:1      | 438 ||| DRINKING 3 fuming black potions.
   439 | D:1      | 439 ||| DROPPING scroll of butterflies.
   440 | D:1      | 440 ||| DROPPING 2 potions of degeneration.
   518 | D:2      | Noticed Sigmund
   523 | D:2      | Reached XP level 3. HP: 12/20 MP: 5/5
   524 | D:2      | 524 ||| FLEEEEING.
   525 | D:2      | 525 ||| FLEEEEING.
   529 | D:2      | Slain by Sigmund

Levels and vault maps discovered:
D:1:      scummos_arrival_simple_crosswalls, layout_rooms, serial_aquarium,
          aquarium_bridge_straight [aquarium_subvault_bridge,
          aquarium_subvault_window, aquarium_subvault_bridge,
          aquarium_subvault_wall], aquarium_bridge_island_small
          [aquarium_subvault_small_open, aquarium_subvault_balcony,
          aquarium_subvault_wall, aquarium_subvault_bridge,
          aquarium_subvault_bridge], aquarium_window_corner,
          aquarium_window_fake, aquarium_window_1, aquarium_window_1,
          aquarium_view_2c, aquarium_balcony_3b, hex_intersection, hex_medium
D:2:      layout_loops_ring, minmay_tromino_i4, uniq_sigmund

Skill      XL: |  1 |
---------------+----+-----
Ranged Weapons | 6 |  6.7
Fighting       | |  1.5
Dodging        | |  2.4
Stealth        | |  1.2

Action                     || total
---------------------------++-------
   Fire: Shortbow          ||    65
    Use: Scroll            ||     1
         Potion            ||     1
 Armour: Leather armour    ||    14
  Dodge: Dodged            ||    16

Table legend:
 A = Non-vault XP
 B = Vault XP
 C = Vault XP percentage of total XP
 D = Non-vault monster count
 E = Vault monster count
 F = Vault count percentage of total count
                 A         B        C        D         E       F
            +---------+---------+-------+---------+---------+-------
      Total |      29 |      16 |  35.6 |      16 |       3 |  15.8
            +---------+---------+-------+---------+---------+-------
        D:1 |      21 |       0 |   0.0 |      12 |       0 |   0.0
        D:2 |       8 |      16 |  66.7 |       4 |       3 |  42.9
            +---------+---------+-------+---------+---------+-------
